AoeStats
← SIVey

Hill Fort

506233329Analyzed
3v3 RM · 18d ago on Sep 12, 2026· 56m 36s· 6 players
Game mode
Random Map
Map size
Normal (6 player)
Population
200
Speed
Normal
Resources
Standard
Victory
Conquest
Starting age
Dark Age
Ending age
Imperial Age
RankedLock teamsTeams togetherTeam positionsShared explorationLock speedFull tech treeHidden civsTurbo modeCheats
Victory
Defeat
🇨🇱 Sicilians · Chile
790
+12
🇯🇴 Huns · Jordan
734
+15
🇨🇱 Malay · Chile
663
+17
🇳🇴 Spanish · Norway
719
-15
🇳🇴 Koreans · Norway
697
-15
🇳🇴 Burgundians · Norway
695
-14
L I 7 Ø
2:26 Loom
10:30 Feudal Age
10:19 Double-Bit Axe
10:44 Horse Collar
20:58 Castle Age
20:02 Gold Mining
21:15 Bow Saw
22:45 Stone Mining
23:45 Heavy Plow
24:33 Town Watch
26:12 Wheelbarrow
27:08 Husbandry
28:59 Scale Barding Armor
29:04 Forging
28:47 Fletching
36:52 Gold Shaft Mining
39:05 Imperial Age
36:54 Hand Cart
38:28 Iron Casting
37:49 Bodkin Arrow
39:21 Caravan
40:08 Conscription
40:22 Elite Battle Elephant
43:08 Chemistry
42:15 Siege Engineers
44:20 Blast Furnace
45:29 Elite Karambit Warrior
Retsu
1:42 Loom
11:45 Feudal Age
13:43 Forging
13:57 Double-Bit Axe
17:55 Scale Mail Armor
26:25 Castle Age
29:38 Gold Mining
29:48 Stone Mining
33:49 Husbandry
34:33 Bloodlines
34:38 Scale Barding Armor
38:53 First Crusade
38:55 Chain Mail Armor
39:16 Iron Casting
42:34 Imperial Age
41:13 Wheelbarrow
42:07 Bow Saw
44:00 Conscription
44:01 Heavy Scorpion
44:34 Horse Collar
45:35 Gold Shaft Mining
47:20 Hand Cart
46:51 Town Watch
47:53 Heavy Plow
50:04 Ballistics
50:49 Chemistry
49:44 Heated Shot
Shehadeh almaqdesy
1:10 Loom
12:11 Feudal Age
14:35 Wheelbarrow
21:32 Castle Age
19:19 Horse Collar
19:44 Double-Bit Axe
22:58 Hand Cart
29:23 Bow Saw
30:58 Heavy Plow
30:51 Stone Mining
30:52 Gold Mining
30:56 Fletching
31:06 Padded Archer Armor
35:15 Imperial Age
33:35 Fervor
35:03 Caravan
36:15 Leather Archer Armor
35:55 Bodkin Arrow
35:49 Elite Skirmisher
35:50 Heavy Cavalry Archer
36:56 Parthian Tactics
38:59 Two-Man Saw
39:07 Conscription
40:26 Gold Shaft Mining
39:52 Bracer
41:01 Chemistry
41:12 Forging
41:07 Scale Barding Armor
52:20 Iron Casting
52:06 Chain Barding Armor
54:25 Blast Furnace
54:35 Crossbowman
54:35 Elite Skirmisher
55:21 Thumb Ring
56:08 Atheism
55:08 Elite Tarkan
55:48 Marauders
56:03 Careening
55:50 Murder Holes
56:06 Masonry
56:07 Clinker Construction
56:00 Devotion
56:21 Sanctity
56:21 Heresy
56:28 Illumination
56:04 Atonement
56:07 Scale Mail Armor
56:42 Plate Barding Armor
SIVey
2:48 Loom
8:25 Horse Collar
9:12 Double-Bit Axe
14:39 Feudal Age
13:14 Gold Mining
13:20 Stone Mining
15:15 Wheelbarrow
15:22 Heavy Plow
16:01 Bow Saw
18:42 Hand Cart
19:58 Forging
19:48 Scale Mail Armor
19:44 Man-at-Arms
20:10 Arson
26:04 Scale Barding Armor
29:06 Castle Age
28:56 Gold Shaft Mining
30:17 Crop Rotation
30:43 Chain Barding Armor
32:14 Two-Man Saw
33:19 Stone Shaft Mining
36:38 Husbandry
39:43 Imperial Age
39:46 Elite Coustillier
40:58 Conscription
43:56 Burgundian Vineyards
Aurelius
12:16 Feudal Age
12:43 Double-Bit Axe
14:37 Stone Mining
14:36 Horse Collar
16:46 Wheelbarrow
18:25 Man-at-Arms
22:03 Castle Age
21:13 Forging
23:40 Iron Casting
23:14 Heavy Plow
23:28 Bow Saw
25:44 Gold Mining
25:51 Long Swordsman
27:29 Gambesons
27:45 Squires
30:12 Hand Cart
30:55 Scale Mail Armor
31:15 Town Watch
32:29 Pikeman
34:40 Gold Shaft Mining
34:40 Stone Shaft Mining
39:09 Imperial Age
39:59 Chain Mail Armor
41:37 Two-Man Saw
42:12 Two-Handed Swordsman
42:59 Champion
43:00 Halberdier
43:26 Arson
44:29 Shinkichon
43:30 Elite War Wagon
44:31 Conscription
45:06 Plate Mail Armor
44:42 Scale Barding Armor
48:32 Fletching
54:25 Chemistry
54:32 Ballistics
Loomy
13:26 Feudal Age
14:57 Horse Collar
15:52 Stone Mining
15:52 Gold Mining
17:13 Wheelbarrow
23:11 Castle Age
22:38 Padded Archer Armor
29:05 Hand Cart
29:25 Double-Bit Axe
30:49 Ballistics
34:35 Stone Shaft Mining
40:03 Imperial Age
38:07 Leather Archer Armor
40:41 Heavy Plow
40:18 Elite Conquistador
41:21 Conscription
44:01 Inquisition
45:48 Fletching
46:29 Ring Archer Armor
47:05 Chemistry
50:21 Onager
Connection lost

Rejoining the realm…

Still unreachable

The connection could not be restored.

Session expired

The server has moved on; the page needs a fresh start.